AoeStats
← lelouch

Pilgrims

510113035Analyzed
4v4 RM · 4d ago on Sep 29, 2026· 23m 21s· 8 players
Game mode
Random Map
Map size
Large (8 player)
Population
200
Speed
Normal
Resources
Standard
Victory
Conquest
Starting age
Dark Age
Ending age
Imperial Age
RankedLock teamsTeams togetherTeam positionsShared explorationLock speedFull tech treeHidden civsTurbo modeCheats
Victory
Defeat
🇹🇼 Varangians · Taiwan
1353
+13
🇨🇳 Franks · China
1312
+15
🇨🇳 Koreans · China
1280
+16
🇨🇳 Saracens · China
1256
+17
🇹🇼 Japanese · Taiwan
1367
-18
🇩🇪 Britons · Germany
1287
-15
🇹🇼 Varangians · Taiwan
1259
-14
🇹🇼 Danes · Taiwan
1250
-14
羊了个羊
10:24 Loom
14:28 Feudal Age
19:07 Castle Age
21:01 Town Watch
lelouch
5:53 Loom
11:21 Feudal Age
14:57 Castle Age
14:33 Double-Bit Axe
14:54 Fletching
16:47 Bodkin Arrow
ALmotema
8:51 Loom
11:11 Feudal Age
12:34 Double-Bit Axe
12:53 Fletching
17:37 Castle Age
18:20 Gold Mining
18:41 Bow Saw
18:29 Bodkin Arrow
20:14 Ballistics
21:34 Careening
22:31 Town Watch
ruibizca
7:16 Loom
11:18 Feudal Age
12:11 Town Watch
15:52 Castle Age
14:15 Double-Bit Axe
14:12 Horse Collar
14:23 Stone Mining
14:23 Fishing Lines
17:49 Forging
18:18 Medium Warships
21:45 Gillnets
22:52 Wheelbarrow
4♚Dreams
5:21 Loom
11:05 Feudal Age
16:45 Castle Age
15:08 Stone Mining
16:37 Double-Bit Axe
18:17 Wheelbarrow
18:13 Bow Saw
19:30 Gold Mining
20:13 Horse Collar
22:48 Crossbowman
GYLi
11:21 Feudal Age
15:14 Castle Age
13:34 Fletching
13:59 Double-Bit Axe
16:14 Bodkin Arrow
20:17 Bow Saw
飛衫走奶
3:41 Loom
10:26 Feudal Age
12:24 Wheelbarrow
11:35 Double-Bit Axe
11:32 Horse Collar
11:56 Fletching
16:40 Castle Age
15:26 Stone Mining
17:47 Bow Saw
17:39 Heavy Plow
21:53 Scale Mail Armor
未時稻暱瑠
6:57 Loom
13:16 Feudal Age
16:59 Castle Age
14:47 Fishing Lines
15:22 Double-Bit Axe
16:56 Stone Mining
17:32 Fletching
21:57 Gillnets
Connection lost

Rejoining the realm…

Still unreachable

The connection could not be restored.

Session expired

The server has moved on; the page needs a fresh start.